 Dungeon Crawl Stone Soup version 0.29-a0-577-gafbf2c5d25 (webtiles) character file.

Game seed: 13953733763157010413

4 blackman the Sneak (level 1, -5/18 HPs)
             Began as a Human Delver on June 13, 2022.
             Killed from afar by an orc wizard (6 damage)
             ... with a puff of flame
             ... on level 5 of the Dungeon.
             The game lasted 00:00:31 (15 turns).

blackman the Sneak (Human Delver)                     Turns: 15, Time: 00:00:31

Health: -5/18      AC:  3    Str: 12    XL:     1   Next: 66%
Magic:  1/1        EV: 12    Int: 10    God:
Gold:   0          SH:  0    Dex: 14    Spells: 0/0 levels left

rFire   . . .      SeeInvis .   a - +0 falchion
rCold   . . .      Faith    .   (no shield)
rNeg    . . .      Spirit   .   b - +0 leather armour
rPois   .          Reflect  .   (no helmet)
rElec   .          Harm     .   (no cloak)
rCorr   .          Rampage  .   (no gloves)
Will    .....                   (no boots)
Stlth   +++.......              (no amulet)
HPRegen 0.06/turn               (no ring)
MPRegen 0.07/turn               (no ring)

@: no status effects
A: no striking features
a: no special abilities


You were on level 5 of the Dungeon.
You visited 1 branch of the dungeon, and saw 1 of its levels.

Inventory:

Hand Weapons
 a - a +0 falchion (weapon)
Armour
 b - a +0 leather armour (worn)
Wands
 g - a wand of digging (3)
Scrolls
 c - a scroll of fog
 e - a scroll of fear
Potions
 f - a potion of haste


   Skills:
 - Level 3.0 Fighting
 + Level 2.4 Long Blades
 - Level 2.0 Dodging
 - Level 5.0 Stealth


You couldn't memorise any spells.
You didn't know any spells.
Your spell library was empty.

Dungeon Overview and Level Annotations

Branches:
Dungeon (5/15)
 Temple: D:4-7

Altars:


Message History

You hit the orc.
The orc is heavily wounded.
The orc misses you.
You hit the orc.
You kill the orc!
An ufetubus comes into view.
You miss the orc wizard.
The ufetubus shouts!
The orc wizard closely misses you. The orc wizard barely misses you.
You barely miss the orc wizard.
The orc wizard hits you but does no damage.
You closely miss the orc wizard. The ufetubus hits you. x2
The orc wizard casts a spell at you. The magic dart hits you.
The ufetubus hits you.
* * * LOW HITPOINT WARNING * * *
The ufetubus hits you.
* * * LOW HITPOINT WARNING * * *
You hit the orc wizard.
The orc wizard is moderately wounded.
The ufetubus barely misses you.
The ufetubus hits you but does no damage.
The orc wizard misses you.
You barely miss the orc wizard.
The orc wizard is moderately wounded.
The ufetubus hits you but does no damage.
The ufetubus hits you.
* * * LOW HITPOINT WARNING * * *
The orc wizard completely misses you.
The orc wizard casts a spell.
The orc wizard flickers and vanishes!
Deactivating autopickup; reactivate with Ctrl-A.
The ufetubus barely misses you. The ufetubus closely misses you.
You hit the orc wizard.
The orc wizard is severely wounded.
The ufetubus hits you.
* * * LOW HITPOINT WARNING * * *
The ufetubus closely misses you.
The orc wizard gestures at you while chanting.
The puff of flame hits you.
You die...

,,,,,**+**,,* *,*,* *,,,,,,,*
*,**,*,,,*,,** #.#,* *,,,,,,,*
*,*,,+,∩,+,,,* #.#,* *,,,,,,,*
*,*,,*,,,*,*,**#.#,* *,,,,,,,*
*,,,,*****,*,,*#.#,* *,,,,,,,*
***,,,,,,,,*#.,...,* **,,,****
*****,*,,***#.*#{#** *,,,*
,,,,*,,,** #.##o# *,,,* **
,,,,*,*** #..#@# *,,,* *, ,,,,*,*
#..#5# *,,,* *,
,****,***####....# *,,,* *,
,****,*,,........# *,,,***,
,*,,,,,,,........#######**,,,,,,*
,*,,,,,,,.......>.......,,,,,,,,+
,*,,,,,,,........#######*****,,,*
,*,,,,,**#######.# ***** ,*,,,,,*
******#+#***


You could see an orc wizard and an ufetubus.

Vanquished Creatures
  2 orcs (D:5)
2 creatures vanquished.

Notes
Turn   | Place    | Note
-------+----------+-------------------------------------------
     0 | D:5      | blackman the Human Delver began the quest for the Orb.
     0 | D:5      | Reached XP level 1. HP: 18/18 MP: 1/1
     4 | D:5      | Noticed an orc wizard
     4 | D:5      | Noticed an orc wizard
    15 | D:5      | Killed from afar by an orc wizard

Illustrated notes

Levels and vault maps discovered:
D:5:      layout_basic, enter_ossuary_2, uniq_ijyb

Action                   || total
-------------------------++-------
Melee: Falchion          ||    10
  Use: Scroll            ||     1
Armor: Leather armour    ||     3
Dodge: Dodged            ||     9

Table legend: (Time is in decaauts)
 A = Elapsed time spent in this place.
 B = Non-inter-level travel time spent in this place.
 C = Inter-level travel time spent in this place.
 D = Time resting spent in this place.
 E = Time spent auto-exploring this place.
 F = Levels seen in this place.
 G = Mean time per level.
                   A        B        C        D        E       F      G
               +--------+--------+--------+--------+--------+-----+--------+
         Total |     16 |     16 |      0 |      0 |      0 |   1 |   16.0 |
       Dungeon |     16 |     16 |      0 |      0 |      0 |   1 |   16.0 |
               +--------+--------+--------+--------+--------+-----+--------+

Top non-repeatable levels by time:
     D:5: 16 daAuts
